 Dungeon Crawl Stone Soup version 0.23.0 (webtiles) character file.

Game seed: 3624163826596668509

1727 Fuzzwah the Cleaver (level 8, -1/68 HPs)
             Began as a Minotaur Berserker on Feb 11, 2019.
             Was an Elder of Trog.
             Slain by an unseen horror (6 damage)
             ... on level 7 of the Dungeon.
             The game lasted 00:15:27 (5100 turns).

Fuzzwah the Cleaver (Minotaur Berserker)            Turns: 5100, Time: 00:15:27

Health: -1/68      AC: 12    Str: 23    XL:     8   Next: 75%
Magic:  0/7        EV:  9    Int:  4    God:    Trog [****..]
Gold:   230        SH:  0    Dex: 11    Spells: 7/7 levels left

rFire    x . .     SeeInvis .   r - +0 battleaxe
rCold    + . .     Gourm    .   (shield currently unavailable)
rNeg     . . .     Faith    .   s - +0 chain mail
rPois    .         Spirit   +   t - +1 hat
rElec    .         Reflect  .   v - +0 cloak
rCorr    .         Harm     .   (no gloves)
MR       .....                  (no boots)
Stlth    ..........             p - amulet of guardian spirit
HPRegen  0.21/turn              n - ring of ice
MPRegen  0.10/turn              (no ring)

@: berserk cooldown
A: retaliatory headbutt, horns 2
a: Berserk, Trog's Hand, Brothers in Arms, Renounce Religion


You were on level 7 of the Dungeon.
You worshipped Trog.
Trog was greatly pleased with you.
You were very hungry.

You visited 1 branch of the dungeon, and saw 7 of its levels.

You collected 230 gold pieces.

Inventory:

Hand Weapons
 a - a +1 hand axe
 r - a +0 battleaxe (weapon)
Armour
 b - a +0 animal skin
 e - a +0 scale mail
 s - a +0 chain mail (worn)
 t - a +1 hat (worn)
 v - a +0 cloak (worn)
Jewellery
 n - a ring of ice (left hand)
 p - an amulet of guardian spirit (around neck)
Wands
 f - a wand of disintegration (6)
 q - a wand of iceblast (9)
Scrolls
 g - 5 scrolls of teleportation
 m - 3 scrolls of remove curse
 u - 2 scrolls of magic mapping {unknown}
Potions
 d - a potion of curing
 h - a potion of mutation
 i - a potion of haste
 j - a potion of lignification
 k - a potion of brilliance {unknown}
 l - a potion of magic {unknown}
 o - a potion of degeneration {unknown}
 w - a potion of invisibility {unknown}
Comestibles
 c - 11 rations


   Skills:
 + Level 5.3 Fighting
 * Level 10.7 Axes
 * Level 7.2 Armour
 + Level 3.6 Dodging
 + Level 1.3 Stealth


You had 7 spell levels left.
You didn't know any spells.
Your spell library was empty.

Dungeon Overview and Level Annotations

Branches:
Dungeon (7/15)             Temple (0/1) D:6

Altars:
Elyvilon
Makhleb
Okawaru
Qazlal
Vehumet
The Shining One

Shops:
D:5 [   D:7 =


Innate Abilities, Weirdness & Mutations

You reflexively headbutt those who attack you in melee.
You have a pair of horns on your head.


Message History

* * * LOW HITPOINT WARNING * * *
Something hits you but does no damage. Something hits you.
* * * LOW HITPOINT WARNING * * *
You miss something. Your headbutt misses something.
Something hits you but does no damage.
Your skin stops crawling.
You feel less resistant to hostile enchantments.
Something hits you but does no damage. x2
You see here an arrow.
You miss something. Your headbutt misses something. Something hits you.
* * * LOW HITPOINT WARNING * * *
Something hits you.
* * * LOW HITPOINT WARNING * * *
Something hits you but does no damage. Something hits you.
* * * LOW HITPOINT WARNING * * *
You closely miss something. Something hits you.
* * * LOW HITPOINT WARNING * * *
You feel yourself speed up. Something hits you!
You die...

#.#....# #<..# .
####.######.#.# #..
#........#.# #...#
#.####.....# #... #∩#
#.#.... ###... #.#
#####++ ..... #.###
#..# ##...##.....
#..#######..@##.......
#......).(..##....o$...
##.###...#(##....(o....
#.###.#.).#.........o.
#.......#)#...........
######.##)#.......♣..♣
####.##))..o.....#
#....##.'..%.....#
#.......#.......♣(%


There were no monsters in sight!

Vanquished Creatures
  3 orc warriors
  A black bear (D:3)
  2 sky beasts
  4 ogres
  A centaur (D:7)
  A scorpion (D:6)
  A bullfrog zombie (D:6)
  A jelly (D:6)
  A bullfrog skeleton (D:5)
  4 orc priests
  An iguana (D:5)
  3 worker ants
  6 orc wizards
  2 gnolls (D:3)
  8 adders
  2 oozes
  A dart slug (D:3)
  5 leopard geckos
  21 orcs
  13 bats
  3 giant cockroaches
  6 goblins
  9 hobgoblins
  8 jackals
  2 quokkas
  6 frilled lizards
  14 kobolds
  9 rats
138 creatures vanquished.

Notes
Turn   | Place    | Note
-------+----------+-------------------------------------------
     0 | D:1      | Fuzzwah the Minotaur Berserker began the quest for the Orb.
     0 | D:1      | Reached XP level 1. HP: 19/19 MP: 0/0
    97 | D:1      | Reached skill level 4 in Axes
   125 | D:1      | Reached XP level 2. HP: 24/27 MP: 1/1
   786 | D:2      | Found a radiant altar of Vehumet.
   796 | D:2      | Reached XP level 3. HP: 32/33 MP: 2/2
   841 | D:2      | Reached ** piety under Trog
  1162 | D:2      | Found a burning altar of Makhleb.
  1162 | D:2      | Noticed a cacodemon
  1218 | D:2      | Reached skill level 5 in Axes
  1226 | D:2      | Reached XP level 4. HP: 40/40 MP: 3/3
  1590 | D:2      | Noticed a hellwing
  1590 | D:2      | Noticed a hellwing
  1657 | D:3      | Found a stormy altar of Qazlal.
  1725 | D:3      | Noticed a sky beast
  1734 | D:3      | Killed a sky beast
  1734 | D:3      | Reached skill level 6 in Axes
  1734 | D:3      | Reached XP level 5. HP: 36/47 MP: 4/4
  1870 | D:3      | Reached *** piety under Trog
  1896 | D:3      | Found a white marble altar of Elyvilon.
  1990 | D:3      | Noticed a black bear
  1996 | D:3      | Killed a black bear
  1996 | D:3      | Reached skill level 1 in Stealth
  1996 | D:3      | Reached XP level 6. HP: 53/53 MP: 5/5
  2007 | D:3      | Reached skill level 7 in Axes
  2169 | D:3      | Found an iron altar of Okawaru.
  2630 | D:4      | Reached XP level 7. HP: 55/60 MP: 6/6
  2631 | D:4      | Reached skill level 8 in Axes
  2937 | D:4      | Found a glowing golden altar of the Shining One.
  3156 | D:5      | Entered Level 5 of the Dungeon
  3257 | D:5      | Found Rutijats's Antique Armour Shop.
  3940 | D:6      | Found a staircase to the Ecumenical Temple.
  3945 | D:6      | Reached skill level 9 in Axes
  3999 | D:6      | Reached **** piety under Trog
  3999 | D:6      | Reached skill level 5 in Fighting
  3999 | D:6      | Reached skill level 5 in Armour
  4248 | D:6      | Reached XP level 8. HP: 53/68 MP: 4/7
  4643 | D:6      | Reached skill level 10 in Axes
  5008 | D:7      | Found Oskutile's Jewellery Emporium.
  5100 | D:7      | Slain by an unseen horror

Skill      XL: |  1  2  3  4  5  6  7  8 |
---------------+-------------------------+-----
Axes           | 4 5 6 7 9 10 | 10.7
Fighting       | 4 5 |  5.3
Armour         | 3 5 7 |  7.2
Stealth        | 1 |  1.3
Dodging        | 3 |  3.6

Action                   |  1- 3 |  4- 6 |  7- 9 || total
-------------------------+-------+-------+-------++-------
Melee: Hand axe          |    67 |   130 |    36 ||   233
       Headbutt          |    12 |    20 |    24 ||    56
       Battleaxe         |       |       |    77 ||    77
Invok: Berserk           |       |     2 |     3 ||     5
       Trog's Hand       |       |       |     1 ||     1
  Use: Scroll            |     2 |     5 |     2 ||     9
 Stab: Sleeping          |     3 |       |       ||     3
  Eat: Chunk             |       |     7 |     6 ||    13
       Ration            |       |       |     1 ||     1
Armor: Animal skin       |    14 |       |       ||    14
       Scale mail        |       |    40 |    14 ||    54
       Chain mail        |       |       |    70 ||    70
Dodge: Dodged            |    45 |    93 |    63 ||   201
